 Dungeon Crawl Stone Soup version 0.30-a0-847-g17996783a1 (webtiles) character file.

Game seed: 1695980457181300993

1461 Darius099 the Cleaver (level 8, 0/53 (64) HPs)
             Began as a Minotaur Fighter on Mar 4, 2023.
             Slain by Edmund
             ... wielding a +2 dire flail of draining
              (3 damage)
             ... on level 6 of the Dungeon.
             The game lasted 00:06:42 (5129 turns).

Darius099 the Cleaver (Minotaur Fighter)            Turns: 5129, Time: 00:06:43

HP:   0/53 (64)     AC:  9    Str: 23    XL:     8   Next: 48%
MP:   7/7           EV: 10    Int:  1    God:
Gold: 253           SH:  4    Dex: 10    Spells: 7/7 levels left

rFire   . . .      SeeInvis .    a - +0 war axe
rCold   . . .      Faith    .    c - +0 buckler
rNeg    . . .      Spirit   .    D - +3 ring mail of Amorality {rElec Will++ rCorr Int-4}
rPois   +          Reflect  .    (helmet restricted)
rElec   +          Rampage  .    o - +0 cloak
rCorr   +                        (no gloves)
Will    ++...                    (no boots) Stlth
                                 (no amulet)
HPRegen 0.28/turn                r - ring of poison resistance
MPRegen 0.10/turn                (no ring)

@: heavily drained
A: horns 2, retaliatory headbutt
a: no special abilities


You were on level 6 of the Dungeon.
You visited 1 branch of the dungeon, and saw 6 of its levels.

You collected 253 gold pieces.

Inventory:

Hand Weapons
 a - a +0 war axe (weapon)
Missiles
 e - a throwing net (quivered)
 n - 42 stones
 u - 15 poisoned darts
Armour
 c - a +0 buckler (worn)
 o - a +0 cloak (worn)
 D - the +3 ring mail of Amorality (worn) {rElec Will++ rCorr Int-4}
   (You found it on level 6 of the Dungeon)

   Int:       It affects your intelligence (-4).
   rElec:     It insulates you from electricity.
   rCorr:     It protects you from acid and corrosion.
   Will:      It greatly increases your willpower.
Jewellery
 r - a ring of poison resistance (left hand)
 y - a ring of wizardry
 E - a ring of ice
Wands
 A - a wand of mindburst (7)
 F - a wand of roots (5)
Scrolls
 i - a scroll of fear {unknown}
 j - 3 scrolls of vulnerability {unknown}
 k - 6 scrolls of teleportation {unknown}
 l - 7 scrolls of identify {unknown}
 p - a scroll of torment {unknown}
 x - a scroll of enchant armour {unknown}
 B - a scroll of magic mapping {unknown}
 C - 2 scrolls of blinking {unknown}
Potions
 b - a potion of cancellation {unknown}
 d - 2 potions of might
 f - a potion of flight {unknown}
 g - 7 potions of curing {unknown}
 h - 3 potions of degeneration {unknown}
 m - a potion of resistance {unknown}
 q - a potion of invisibility {unknown}
 s - a potion of lignification {unknown}
 t - a potion of haste {unknown}
 v - a potion of mutation {unknown}
 w - a potion of brilliance {unknown}
 z - a potion of attraction {unknown}


   Skills:
 - Level 3.6 Fighting
 + Level 12.7 Axes
 - Level 3.6 Armour
 - Level 3.6 Shields


You had 7 spell levels left.
You didn't know any spells.
Your spell library contained the following spells:

 Spells                   Type           Power      Damage    Failure   Level
 Manifold Assault         Tloc           0%         N/A       100%        4
 Dispersal                Tloc           0%         N/A       100%        6
 Disjunction              Tloc           0%         N/A       100%        8


Dungeon Overview and Level Annotations

Branches:
Dungeon (6/15)
 Temple: D:4-7

Altars:
Ashenzari
Gozag
Hepliaklqana
Kikubaaqudgha
Ru
Yredelemnul

Shops:
D:4 (

Annotations:
D:6 Edmund


Innate Abilities, Weirdness & Mutations

You have a pair of horns on your head.
You reflexively headbutt those who attack you in melee.


Message History

Edmund shouts!
Edmund hits you with a +2 dire flail of draining!
You feel drained.
You barely miss Edmund. You headbutt Edmund.
Edmund is lightly wounded.
You block Edmund's attack.
You hit Edmund but do no damage. You headbutt Edmund.
Edmund is moderately wounded.
Edmund hits you with a +2 dire flail of draining!
You feel drained.
You hit Edmund but do no damage.
Edmund is moderately wounded.
You block Edmund's attack.
You hit Edmund but do no damage.
Edmund is moderately wounded.
Edmund closely misses you.
You hit Edmund but do no damage. You headbutt Edmund!
Edmund is moderately wounded.
Edmund hits you with a +2 dire flail of draining!
You feel drained.
You barely miss Edmund. You headbutt Edmund, but do no damage.
Edmund is moderately wounded.
Edmund hits you but does no damage.
You feel drained.
You slash Edmund!
Edmund is severely wounded.
Edmund hits you with a +2 dire flail of draining!
* * * LOW HITPOINT WARNING * * *
You feel drained.
* * * LOW HITPOINT WARNING * * *
You hit Edmund but do no damage.
Edmund is severely wounded.
You slash Edmund!
Edmund is almost dead.
Edmund closely misses you.
You barely miss Edmund. You headbutt Edmund.
Edmund is almost dead.
Edmund hits you with a +2 dire flail of draining.
* * * LOW HITPOINT WARNING * * *
You feel drained.
You die...

......................##
........................
....####.........#######
....####.........#
....##...........########
....##.............(.....
###.##.....##.....#######
###.##.....##.....###
#..........##...@...#
#..........##...@.#.#
..........)##.....#.#
#..........##.....# .
#..........##.....# .
.....##....##.....# ..
.....##....##.....#
......#....##.....#
......#....#


You could see Edmund.

Vanquished Creatures
  Duvessa (D:4)
  An ice beast (D:5)
  3 ogres (D:4)
  2 centaurs (D:5)
  3 phantoms (D:5)
  A bullfrog (D:5)
  A scorpion (D:4)
  Dowan (D:4)
  A howler monkey (D:4)
  2 hounds
  Crazy Yiuf (D:2)
  Terence (D:2)
  4 iguanas
  7 gnolls
  6 adders
  A shadow imp (D:6)
  An ufetubus (D:5)
  2 worms
  4 dart slugs
  5 orcs
  4 ball pythons
  2 bats (D:1)
  5 endoplasms
  4 giant cockroaches
  5 hobgoblins
  3 jackals (D:1)
  4 kobolds
  A quokka (D:2)
  2 frilled lizards
  7 goblins
  5 rats
90 creatures vanquished.

Notes
Turn   | Place    | Note
-------+----------+-------------------------------------------
     0 | D:1      | Darius099 the Minotaur Fighter began the quest for the Orb.
     0 | D:1      | Reached XP level 1. HP: 19/19 MP: 0/0
    61 | D:1      | You fall into a shaft and drop 1 floor!
   103 | D:2      | Noticed Terence
   108 | D:2      | Killed Terence
   109 | D:2      | Reached skill level 4 in Axes
   109 | D:2      | Reached XP level 2. HP: 13/26 MP: 1/1
   175 | D:2      | Reached XP level 3. HP: 30/31 MP: 2/2
  1080 | D:2      | Reached skill level 5 in Axes
  1242 | D:2      | Identified the +3 arbalest of Integrity {flame, Fly rF+
                  | Int-2}
  1547 | D:2      | Reached XP level 4. HP: 39/39 MP: 3/3
  1845 | D:2      | Found a runed translucent door.
  1846 | D:2      | Noticed Crazy Yiuf
  1855 | D:2      | Killed Crazy Yiuf
  2086 | D:3      | Found a broken altar of Ashenzari.
  2122 | D:3      | Reached skill level 6 in Axes
  2349 | D:3      | Found a basalt altar of Yredelemnul.
  2856 | D:4      | Noticed a scorpion
  2868 | D:4      | Killed a scorpion
  2869 | D:4      | Reached XP level 5. HP: 32/45 MP: 4/4
  2891 | D:4      | Noticed an ogre
  2898 | D:4      | Killed an ogre
  2899 | D:4      | Reached skill level 7 in Axes
  2899 | D:4      | Reached XP level 6. HP: 16/51 MP: 5/5
  3080 | D:4      | Reached skill level 8 in Axes
  3124 | D:4      | Reached skill level 9 in Axes
  3124 | D:4      | Reached XP level 7. HP: 19/57 MP: 6/6
  3229 | D:4      | Noticed Duvessa
  3239 | D:4      | Noticed Dowan
  3365 | D:4      | Killed Duvessa
  3581 | D:4      | Killed Dowan
  3582 | D:4      | Reached skill level 10 in Axes
  3702 | D:4      | Found a sacrificial altar of Ru.
  3889 | D:4      | Found Sopnotyph's Weapon Shop.
  3936 | D:5      | Entered Level 5 of the Dungeon
  4032 | D:5      | Reached skill level 11 in Axes
  4143 | D:5      | Reached XP level 8. HP: 49/64 MP: 7/7
  4503 | D:5      | Identified the +9 chain mail of the Swamp {Int+2}
  4587 | D:5      | Reached skill level 12 in Axes
  4885 | D:5      | Found an ancient bone altar of Kikubaaqudgha.
  4885 | D:5      | Found an opulent altar of Gozag.
  4885 | D:5      | Found a hazy altar of Hepliaklqana.
  4964 | D:6      | Identified the +0 rapier "Xoimumost" {vamp, Str+2 Int-4
                  | Stlth+}
  4973 | D:6      | Identified the +3 ring mail of Amorality {rElec Will++
                  | rCorr Int-4}
  5116 | D:6      | Noticed Edmund
  5129 | D:6      | Slain by Edmund

Illustrated notes

Levels and vault maps discovered:
D:1:      lemuel_arrival_tunnels, layout_basic
D:2:      layout_basic, uniq_terence, uniq_crazy_yiuf_cottage
D:3:      layout_loops_ring, ashenzari_altar_1, nicolae_overflow_hidden_temple,
          serial_co_window_serial, co_window_corner_a, co_window_corner_a,
          co_window_corner_a, co_window_corner_a, co_window_paths_a,
          co_window_corner_a, co_window_paths_c, co_window_unsneaky_path_a,
          co_window_corner_ca, co_window_of_opportunity_b,
          co_window_unsneaky_path_c, glass_columns_a, glass_columns_b,
          glass_columns_a, glass_columns_a
D:4:      layout_rooms, nicolae_ru_path_of_blood, serial_shops,
          nicolae_shop_hallway_stairs, minivault_24, skrybe_limestone_x,
          minmay_box_of_dots, uniq_duvessa
D:5:      layout_gridville, gammafunk_temple_overflow_claw
D:6:      layout_basic, minmay_misc_feat_columns, uniq_grinder, uniq_edmund

Skill      XL: |  1  2  3  4  5  6  7  8 |
---------------+-------------------------+-----
Axes           | 4 5 6 7 9 11 12 | 12.7
Fighting       | |  3.6
Armour         | |  3.6
Shields        | |  3.6

Action                     |  1- 3 |  4- 6 |  7- 9 || total
---------------------------+-------+-------+-------++-------
  Melee: War axe           |    62 |    80 |    91 ||   233
         Headbutt          |     4 |    14 |    19 ||    37
  Throw: Throwing net      |       |       |     1 ||     1
 Armour: Scale mail        |    21 |    35 |    33 ||    89
         Ring mail         |       |       |     6 ||     6
  Dodge: Dodged            |    20 |    20 |    36 ||    76
  Block: Buckler           |    15 |    16 |    16 ||    47

Table legend: (Time is in decaauts)
 A = Elapsed time spent in this place.
 B = Non-inter-level travel time spent in this place.
 C = Inter-level travel time spent in this place.
 D = Time resting spent in this place.
 E = Time spent auto-exploring this place.
 F = Levels seen in this place.
 G = Mean time per level.
                   A        B        C        D        E       F      G
               +--------+--------+--------+--------+--------+-----+--------+
         Total |   5161 |   4856 |    305 |    664 |   3473 |   6 |  860.2 |
       Dungeon |   5161 |   4856 |    305 |    664 |   3473 |   6 |  860.2 |
               +--------+--------+--------+--------+--------+-----+--------+

Top non-repeatable levels by time:
     D:2: 1269 daAuts
     D:4: 1032 daAuts
     D:3: 995 daAuts
     D:5: 958 daAuts
     D:1: 675 daAuts
     D:6: 229 daAuts
